Unix NetHack Version 5.0.0-0 post-release - last build Jun 10 2026 00:39:30 (3ee93aec679c4c4259841fe613dc97188e26a321,branch:main).

Game began 2026-07-03 19:42:05, ended 2026-07-03 22:21:01.

IceCreamJones, chaotic female human Wizard

                            ------------------------
                            |..^...................|
                            |..-------------------.|
                          ----.|    -----        |.|
                          |..|.--  --...|        |.|
                          |.....|--|..0.|        |.|
                          |.....|..|....|        |.|
                          --....|..%..0--        |.|
                           |......)|...|   ------|.|
                           |....|..|...| --|.....|%|
                           |....---|...| |0-.....|@|
                           |.......|..-- |-|$$.$.|M|
                           ----....|.--  |.+$$....Y|
                              ---.--.|   |-|.$...|--
                               |.....|   |.+.....|
                               |>.|..|   --|.....|
                               -------     -------

IceCreamJones the Thaumaturge  St:14 Dx:18 Co:16 In:18 Wi:11 Ch:12  Chaotic
Dlvl:5  $:0  HP:0(66) Pw:79(81) AC:-8 Xp:9 T:15104  Hungry  

Latest messages:
 The giant mummy hits again!
 You kill the centipede!
 The giant mummy misses!
 The giant mummy hits!
 The giant mummy hits!
 The giant mummy hits again!
 You see here a centipede corpse.
 The tengu zaps a balsa wand!
 One of your lichen corpses suddenly comes alive!
 You shudder in dread.
 The centipede corpse glows iridescently.
 The centipede is resurrected!
 The giant mummy hits!
 The giant mummy hits again!
 The giant mummy hits!
 The giant mummy hits again!
 You kill the lichen!
 The tengu zaps a wand of undead turning!
 Your lichen corpse suddenly comes alive!
 You shudder in dread.
 The giant mummy hits!
 The giant mummy hits again!
 You kill the lichen!
 The giant mummy just misses!
 The giant mummy misses!
 You see here a lichen corpse.
 The hill orc throws an orcish dagger!
 The orcish dagger hits the giant ant.
 The giant mummy hits!
 The giant mummy hits again!
 The giant mummy hits!
 The giant mummy hits again!
 You hit the centipede!
 You knock the centipede backward with a powerful strike!
 The hill orc picks up an orcish dagger.
 The giant mummy misses!
 The giant mummy hits!
 The giant ant turns into a bugbear!
 You hit the centipede!
 The giant mummy misses!
 The giant mummy misses!
 You are beginning to feel hungry.
 You kill the centipede!
 The giant mummy hits!
 You die...
 Do you want your possessions identified? [ynq] (y)
 Do you want to see your attributes? [ynq] (y)
 Do you want an account of creatures vanquished? [ynaq] (y)
 Do you want to see your conduct and achievements? [ynq] (y)
 Do you want to see the dungeon overview? [ynq] (y)

Inventory:
 Weapons  (')')
  S - 21 +0 darts
  f - 9 cursed +0 darts
  z - 9 blessed +1 shuriken
  A - 2 blessed +0 daggers (alternate weapons; not wielded)
  s - 2 +0 daggers
  C - a +0 elven dagger
  m - the +0 Sting
  j - the +0 Orcrist
  a - a blessed +1 quarterstaff (weapon in hands)
 Armor    ('[')
  T - an uncursed +2 elven leather helm (being worn)
  o - an uncursed +0 pair of leather gloves (being worn)
  Q - a blessed +0 pair of elven boots (being worn)
  q - an uncursed rotted +0 pair of water walking boots
  b - an uncursed fireproof +1 cloak of magic resistance (being worn)
  E - a blessed +0 gray dragon scale mail (being worn)
 Comestibles  ('%')
  M - 14 uncursed apples
  O - 12 uncursed carrots
  W - an uncursed eucalyptus leaf
  D - 8 uncursed food rations
  v - an uncursed tripe ration
  J - 3 uncursed tripe rations
  I - an uncursed tin of pickled rabid rat meat
 Rings    ('=')
  e - an uncursed +1 ring of gain constitution
  L - an uncursed ring of invisibility
  d - an uncursed +2 ring of protection (on left hand)
  n - an uncursed ring of protection from shape changers
  V - an uncursed ring of warning
 Wands    ('/')
  N - a wand of cold (0:4)
  c - a wand of fire (0:8)
  p - a wand of lightning (0:6)
  k - a wand of magic missile (0:6)
  K - a wand of opening (0:5)
  G - a wand of opening (0:2)
  H - a wand of secret door detection (0:10)
  l - a wand of slow monster (0:7)
 Tools    ('(')
  P - an uncursed blindfold
  y - an uncursed lock pick
  t - an uncursed oil lamp
  r - an uncursed skeleton key
  Z - an uncursed tallow candle
  w - an uncursed tin whistle
  u - a +0 unicorn horn

IceCreamJones the Wizard's attributes:

Background:
 You were a Thaumaturge, a level 9 female human Wizard.
 You were chaotic, on a mission for Anhur
 who was opposed by Ptah (lawful) and Thoth (neutral).
 You were right-handed.
 You were in Sokoban, on level 5.
 You entered the dungeon 15104 turns ago.
 It was nighttime.
 You had 3497 experience points, 1623 more were needed to attain level 10.

Basics:
 You had 0 out of 66 hit points.
 You had 79 out of 81 energy points (spell power).
 Your armor class was -8.
 Your wallet was empty.
 Autopickup was off.

Final Characteristics:
 Your strength was 14 (limit:18/100).
 Your dexterity was 18 (limit:18).
 Your constitution was 16 (limit:18).
 Your intelligence was 18 (limit:18).
 Your wisdom was 11 (limit:18).
 Your charisma was 12 (limit:18).

Final Status:
 You were hungry.
 You were unencumbered.
 You were wielding a quarterstaff.
 You were skilled in quarterstaff and could have enhanced that.

Final Attributes:
 You were piously aligned.
 You were magic-protected.
 You were cold resistant.
 You were poison resistant.
 You were telepathic.
 You were stealthy.
 You had a small defense bonus (+2).
 You were guarded.
 You are dead.

Miscellaneous:
 You encountered 2 bones levels.
 Total elapsed playing time was 2 hours, 25 minutes and 10 seconds.

Major events:
 Turn
    1: IceCreamJones the chaotic female human Wizard entered the dungeon
 1440: attained the rank of Conjurer (level 3)
 1776: entered the Gnomish Mines
 3443: chose a runed broadsword to be named "Orcrist"
 3778: attained the rank of Thaumaturge (level 6)
 8443: chose an elven dagger to be named "Sting"
10359: reached Mine Town
11963: entered Sokoban
12512: completed 1st Sokoban level
13397: completed 2nd Sokoban level
14073: completed 3rd Sokoban level
15062: completed 4th Sokoban level
15104: killed by a giant mummy

Spells:
 Name                 Level Category     Fail Retention
 force bolt             1   attack         0%   21%-25%
 chain lightning        2   attack         0%   21%-25%
 healing                1   healing        0%   26%-50%
 magic missile          2   attack         0%   81%-85%

Skills:
 Fighting Skills
   bare handed combat [Unskilled]
   riding             [Unskilled]
 Weapon Skills
   dagger             [Basic]
   knife              [Unskilled]
   axe                [Unskilled]
   short sword        [Unskilled]
   club               [Unskilled]
   mace               [Unskilled]
   quarterstaff       [Skilled]
   polearms           [Unskilled]
   spear              [Unskilled]
   trident            [Unskilled]
   sling              [Unskilled]
   dart               [Unskilled]
   shuriken           [Unskilled]
 Spellcasting Skills
   attack spells      [Skilled]
   healing spells     [Unskilled]
   divination spells  [Unskilled]
   enchantment spells [Basic]
   clerical spells    [Unskilled]
   escape spells      [Unskilled]
   matter spells      [Unskilled]

Voluntary challenges:
 Character rerolling was not enabled.
 You never genocided any monsters.
 You never polymorphed an object.
 You never changed form.
 You used no wishes.
 You violated the special Sokoban rules once.
Achievements:
 You attained the rank of Conjurer.
 You entered a shop.
 You entered the Gnomish Mines.
 You attained the rank of Thaumaturge.
 You entered Minetown.
 You entered a temple.
 You entered Sokoban.

 The Dungeons of Doom: levels 1 to 10
    Level 1:
       An altar, many fountains.
    Level 2: "SCG"
       Some fountains.
    Level 3:
       A fountain.
    Level 4:
       A tool shop, a fountain.
       Stairs down to The Gnomish Mines.
    Level 5:
       A fountain, a sink.
    Level 6:
       A fountain.
    Level 7:
       A weapon shop.
       Final resting place for
          MatkTheViking-Bar-Hum-Mal-Neu, killed by a coyote, while frozen by a floating eye's gaze.
    Level 8: "saddle"
       Many fountains, a grave.
       Final resting place for
          pots164-Kni-Hum-Mal-Law, slipped while mounting a saddled pony.
    Level 9:
       A fountain.
       Stairs up to Sokoban, level 8.
    Level 10:
 The Gnomish Mines: levels 5 to 8
    Level 5:
    Level 6:
    Level 7:
       Many shops, a temple and an altar, some fountains.
    Level 8:
 Sokoban: levels 8 up to 5
    Level 5: <- You were here.
       Solved.
       Final resting place for
          you, killed by a giant mummy.
    Level 6:
       Solved.
    Level 7:
       Solved.
    Level 8:
       Solved.


Vanquished creatures:
  2 ghosts
  a winged gargoyle
  a giant mimic
  a large mimic
  a small mimic
  a warhorse
  a wood golem
  a large dog
  a shocking sphere
  a large cat
  a tengu
  a leocrotta
 an elf mummy
  a human mummy
  a red naga
  a carnivorous ape
  a leather golem
  a Grey-elf
  4 watchmen
  4 giant beetles
  a cockatrice
  8 wolves
  a lynx
  a spotted jelly
  4 leprechauns
  2 iron piercers
  a giant spider
  2 scorpions
  a horse
  2 black lights
  a gnome ruler
  a dwarf mummy
  2 ogres
  6 brown puddings
  a gold golem
  2 Green-elves
  a dingo
  2 housecats
  4 jaguars
  a dwarf leader
  2 blue jellies
  a white unicorn
  2 gray unicorns
  a dust vortex
  a raven
  a snake
  5 apes
  3 human zombies
  3 Woodland-elves
  a soldier ant
  4 fire ants
  a bugbear
  2 imps
  a quasit
  2 Mordor orcs
  4 rock piercers
  3 rock moles
  3 ponies
  a fog cloud
  2 yellow lights
  a shrieker
  a violet fungus
 10 gnome leaders
  2 gnomish wizards
  a gray ooze
  a ghoul
  3 straw golems
  a paper golem
  4 giant ants
  a little dog
  2 floating eyes
  2 kittens
 10 dwarves
  a homunculus
  a kobold leader
  2 kobold shamans
  5 hill orcs
  5 rothes
  a rabid rat
  3 centipedes
  a monkey
  5 orc zombies
  a dwarf zombie
  a wererat
  3 werejackals
  4 iguanas
  2 killer bees
  3 acid blobs
  a coyote
  a gas spore
  3 hobbits
 10 manes
  3 large kobolds
  a hobgoblin
  6 cave spiders
  a brown mold
  a yellow mold
  2 green molds
  2 red molds
 19 gnomes
  6 garter snakes
  7 geckos
 20 jackals
  4 kobolds
  2 goblins
  4 sewer rats
 10 grid bugs
  2 bats
  8 lichens
  a kobold zombie
 13 newts
318 creatures vanquished.

No species were genocided or became extinct.

Game over:
                       ----------
                      /          \
                     /    REST    \
                    /      IN      \
                   /     PEACE      \
                  /                  \
                  |  IceCreamJones   |
                  |       0 Au       |
                  |   killed by a    |
                  |   giant mummy    |
                  |                  |
                  |                  |
                  |       2026       |
                 *|     *  *  *      | *
        _________)/\\_//(\/(/\)/\//\/|_)_______

Goodbye IceCreamJones the Wizard...

You died in Sokoban on dungeon level 5 with 14478 points,
and 0 pieces of gold, after 15104 moves.
You were level 9 with a maximum of 66 hit points when you died.

